 Dungeon Crawl Stone Soup version 0.30.0-19-g36f170ea60 (webtiles) character file.

Game seed: 7908725711280655072

1492 Senryu the Twirler (level 8, -2/63 HPs)
             Began as a Purple Draconian Enchanter on May 27, 2023.
             Was an Initiate of Ru.
             Engulfed by a steam dragon's steam (6 damage)
             ... on level 6 of the Dungeon.
             The game lasted 00:12:14 (3234 turns).

Senryu the Twirler (Purple Draconian Enchanter)     Turns: 3234, Time: 00:12:14

Health: -2/63      AC:  6    Str: 16    XL:     8   Next: 51%
Magic:  14/14      EV: 12    Int: 18    God:    Ru [......]
Gold:   1404       SH:  0    Dex: 12    Spells: 4/15 levels left

rFire   . . .        h - +5 lajatang of Rarphaypt {spect, rPois}
rCold   . . .        (shield currently unavailable)
rNeg    . . .        (body armour unavailable)
rPois   +            (helmet restricted)
rElec   .            (no cloak)
rCorr   .            (no gloves)
SInv    .            (no boots)
Will    +....        (no amulet)
Stlth   +++          o - +6 ring of strength
HPRegen 0.30/turn    (no ring)
MPRegen 0.14/turn

%: no passive effects
@: short of breath
A: breathe power, AC +6, unfitting armour, cold-blooded
a: Breathe Dispelling Energy, Renounce Religion


You were on level 6 of the Dungeon.
You worshipped Ru.
Ru was noncommittal.
You visited 2 branches of the dungeon, and saw 7 of its levels.
You also visited: Ossuary.

You collected 1404 gold pieces.

Inventory:

Hand Weapons
 h - the +5 lajatang of Rarphaypt (weapon) {spect, rPois}
   (You acquired it on level 1 of the Dungeon)

   rPois:     It protects you from poison.
Missiles
 i - a throwing net (quivered)
Jewellery
 m - a ring of positive energy
 o - a +6 ring of strength (left hand)
Wands
 p - a wand of paralysis (13)
Scrolls
 a - 2 scrolls of fog
 j - 3 scrolls of vulnerability
 r - a scroll of immolation
Potions
 b - 2 potions of invisibility
 c - a potion of resistance {unknown}
 e - 3 potions of haste
 f - a potion of ambrosia {unknown}
 l - 4 potions of flight {unknown}
 n - 2 potions of mutation {unknown}
 q - a potion of cancellation {unknown}
 s - a potion of attraction {unknown}
 t - a potion of lignification {unknown}


   Skills:
 * Level 3.0 Fighting
 * Level 3.0 Short Blades
 * Level 5.5 Staves
 * Level 2.3 Throwing
 * Level 3.1 Dodging
 * Level 4.3 Stealth
 * Level 4.0 Spellcasting
 * Level 4.6 Hexes
 * Level 2.4 Ice Magic
 * Level 2.7 Evocations


You had 4 spell levels left.
You knew the following spells:

 Your Spells              Type           Power      Damage    Failure   Level
a - Ensorcelled Hibernat  Hex/Ice        32%        N/A       5%          2
b - Tukima's Dance        Hex            20%        N/A       7%          3
c - Dazzling Flash        Conj/Hex       22%        N/A       17%         3
d - Confusing Touch       Hex            20%        N/A       7%          3

Your spell library contained the following spells:

 Spells                   Type           Power      Damage    Failure   Level


Dungeon Overview and Level Annotations

Branches:
Dungeon (6/15)             Temple (1/1) D:6         Ossuary (visited)

Altars:
Cheibriados
Dithmenos
Elyvilon
Fedhas
Gozag
Hepliaklqana
Kikubaaqudgha
Makhleb
Nemelex Xobeh
Okawaru
Qazlal
Ru
Trog
Uskayaw
Vehumet
Wu Jian
Yredelemnul
Zin
The Shining One

Annotations:
Temple 2 transporters


Innate Abilities, Weirdness & Mutations

You can breathe bolts of dispelling energy.
Your rich purple scales are hard. (AC +6)
You cannot fit into any form of body armour.
You are cold-blooded and may be slowed by cold attacks.


Message History

* * * LOW HITPOINT WARNING * * *
As you read the scroll of fear, it crumbles to dust.
You assume a fearsome visage.
The steam dragon looks frightened!
You are engulfed in a cloud of scalding steam.
* * * LOW HITPOINT WARNING * * *
You feel better.
Throw: 2 throwing nets
Press: ? - help, Q - select action, (/) - cycle Shift-Dir - straight line, f - steam dragon
Aim: a steam dragon (heavily wounded, fleeing, 59% to hit)
You throw a throwing net. The throwing net hits the steam dragon.
The steam dragon is caught in the net!
Your attack snaps the steam dragon out of its fear.
The steam dragon is heavily wounded.
The steam dragon struggles against the net.
The steam dragon struggles against the net.
The steam dragon struggles against the net.
You barely miss the steam dragon.
The steam dragon is heavily wounded.
The steam dragon struggles against the net.
You hit the steam dragon.
The steam dragon is heavily wounded.
The steam dragon struggles against the net.
You hit the steam dragon but do no damage.
The steam dragon is heavily wounded.
The steam dragon struggles against the net.
The net rips apart, and the steam dragon comes free!
You slash the steam dragon!
The steam dragon is almost dead.
The steam dragon breathes steam at you. The ball of steam hits you!
* * * LOW HITPOINT WARNING * * *
You hit the steam dragon.
The steam dragon is almost dead.
You are engulfed in a cloud of scalding steam.
* * * LOW HITPOINT WARNING * * *
The steam dragon barely misses you. x2
You closely miss the steam dragon.
The steam dragon is almost dead.
You are engulfed in a cloud of scalding steam.
You die...

###.#.# #....# #.#.#
##'### #.#.# #..#
#.#.# ##.# #.#.# #.#
#...# #.# ###.# #.#
###.###############.#
#..(....ยงยง@D......#
#.################# #


You could see a steam dragon.

Vanquished Creatures
  A water moccasin (D:5)
  2 ice beasts (D:6)
  An ogre (D:5)
  5 elf zombies
  2 elf skeletons (D:5)
  A centaur zombie (Ossuary)
  3 hounds
  2 jellies (D:6)
  A human zombie (Ossuary)
  A gnoll bouda (D:5)
  4 iguanas
  An orc wizard (D:4)
  5 hound zombies (Ossuary)
  3 mummies (Ossuary)
  7 gnolls (D:5)
  8 adders
  2 adder zombies (Ossuary)
  2 worms (D:4)
  A dart slug (D:1)
  4 orcs
  2 ball pythons
  7 endoplasms
  2 giant cockroaches (D:4)
  A gnoll zombie (Ossuary)
  3 goblins
  3 hobgoblins
  4 bats
  4 frilled lizards (D:1)
  3 goblin zombies (Ossuary)
  A hobgoblin zombie (Ossuary)
  A jackal zombie (Ossuary)
  A kobold (D:4)
  8 kobold zombies (Ossuary)
  An orc skeleton (D:5)
  An orc zombie (D:5)
  4 quokka zombies (Ossuary)
  3 rat zombies (Ossuary)
105 creatures vanquished.

Vanquished Creatures (collateral kills)
  A kobold (D:3)
1 creature vanquished.

Grand Total: 106 creatures vanquished

Notes
Turn   | Place    | Note
-------+----------+-------------------------------------------
     0 | D:1      | Senryu the Draconian Enchanter began the quest for the Orb.
     0 | D:1      | Reached XP level 1. HP: 14/14 MP: 3/3
   162 | D:1      | Identified 2 scrolls of acquirement
   162 | D:1      | Acquired the +5 lajatang of Rarphaypt {spect, rPois}
   166 | D:1      | Acquired 1117 gold pieces
   185 | D:1      | Reached XP level 2. HP: 22/22 MP: 5/5
   211 | D:1      | Learned a level 2 spell: Ensorcelled Hibernation
   394 | D:2      | Reached XP level 3. HP: 27/27 MP: 6/6
   398 | D:2      | Learned a level 3 spell: Tukima's Dance
   597 | D:3      | Reached skill level 1 in Staves
   597 | D:3      | Reached XP level 4. HP: 18/34 MP: 4/7
   764 | D:4      | Reached skill level 1 in Fighting
   870 | D:4      | Reached XP level 5. HP: 35/40 MP: 8/8
   997 | D:4      | Reached skill level 1 in Ice Magic
  1145 | D:4      | Found an opulent altar of Gozag.
  1350 | D:5      | Entered Level 5 of the Dungeon
  1376 | D:5      | Reached skill level 2 in Staves
  1376 | D:5      | Reached skill level 1 in Throwing
  1500 | D:5      | Noticed a water moccasin
  1508 | D:5      | Killed a water moccasin
  1509 | D:5      | Reached skill level 1 in Evocations
  1509 | D:5      | Reached XP level 6. HP: 41/47 MP: 6/9
  1582 | D:5      | Reached skill level 3 in Staves
  1608 | D:5      | Your scales start taking on a rich purple colour.
  1608 | D:5      | Reached XP level 7. HP: 54/55 MP: 11/11
  1613 | D:5      | Found a sand-covered staircase.
  1623 | Ossuary  | Entered an ossuary
  1827 | Ossuary  | Reached skill level 4 in Staves
  2081 | D:5      | Reached XP level 8. HP: 62/62 MP: 13/13
  2535 | D:5      | Reached skill level 5 in Staves
  2768 | D:6      | Found a staircase to the Ecumenical Temple.
  2802 | Temple   | Entered the Ecumenical Temple
  2802 | Temple   | Found a transporter.
  2802 | Temple   | Found a transporter.
  2804 | Temple   | Found a transporter.
  2804 | Temple   | Found a transporter.
  2832 | Temple   | Became a worshipper of Ru the Awakened
  3080 | D:6      | Found a glowing silver altar of Zin.
  3116 | D:6      | Learned a level 3 spell: Dazzling Flash
  3120 | D:6      | Learned a level 3 spell: Confusing Touch
  3234 | D:6      | Engulfed by a steam dragon's steam

Illustrated notes

Levels and vault maps discovered:
D:1:      tarquinn_simple_flora_water_c, layout_loops_ring,
          kennysheep_crisscross
D:2:      layout_basic, basic_altar, hellmonk_ecumenical_altar_lost_god,
          uniq_natasha
D:3:      layout_basic
D:4:      layout_cave_pools, mainiacjoe_overflow_tiny_flanked
D:5:      nicolae_cairo_tiling_large, layout_cave_pools,
          nicolae_ossuary_entry_catacombs, grunt_ministairs_4,
          corexii_hall_statues_x
D:6:      layout_basic, general_overflow_altar,
          minmay_temple_entry_statues_fountains, kennysheep_generic_room_14
Temple:   hellmonk_temple_divided_pantheon

Skill      XL: |  1  2  3  4  5  6  7  8 |
---------------+-------------------------+-----
Stealth        | 3 4 |  4.3
Dodging        | 2 3 |  3.1
Hexes          | 3 4 |  4.6
Staves         | 1 2 3 4 5 |  5.5
Fighting       | 1 2 3 |  3.0
Ice Magic      | 1 2 |  2.4
Throwing       | 1 2 |  2.3
Short Blades   | 2 3 |  3.0
Evocations     | 1 2 |  2.7
Spellcasting   | 3 4 |  4.0

Action                     |  1- 3 |  4- 6 |  7- 9 || total
---------------------------+-------+-------+-------++-------
  Melee: Dagger            |    30 |       |       ||    30
         Tailslap          |     5 |     7 |    15 ||    27
         Lajatang          |    22 |    65 |   105 ||   192
  Throw: Throwing net      |       |     1 |     2 ||     3
   Cast: Ensorcelled Hiber |     3 |     4 |       ||     7
         Tukima's Dance    |     1 |     3 |     6 ||    10
Ability: Breathe Dispellin |       |       |    10 ||    10
    Use: Scroll            |     2 |     7 |     5 ||    14
         Potion            |       |       |     2 ||     2
   Stab: Distracted        |     1 |       |       ||     1
         Sleeping          |     3 |     8 |     1 ||    12
 Armour: Skin              |    19 |    26 |    35 ||    80
  Dodge: Dodged            |    44 |    41 |    60 ||   145
